 Dungeon Crawl Stone Soup version 0.30-b1-2-g02819fbbbe (webtiles) character file.

Game seed: 3233771836291828915

259 Metae the Shield-Bearer (level 5, -1/48 HPs)
             Began as a Minotaur Fighter on June 22, 2023.
             Killed from afar by Dowan (12 damage)
             ... with a stone arrow
             ... on level 4 of the Dungeon.
             The game lasted 00:09:14 (2295 turns).

Metae the Shield-Bearer (Minotaur Fighter)          Turns: 2295, Time: 00:09:15

Health: -1/48      AC: 13    Str: 23    XL:     5   Next: 95%
Magic:  4/4        EV:  8    Int:  5    God:
Gold:   240        SH:  4    Dex:  9    Spells: 4/4 levels left

rFire   + . .        a - +0 flail
rCold   . . .        c - +0 buckler
rNeg    . . .        n - +2 chain mail {rF+}
rPois   .            (helmet restricted)
rElec   .            (no cloak)
rCorr   .            (no gloves)
SInv    .            b - +0 pair of boots
Will    +....        (no amulet) Stlth
                     q - ring of willpower
HPRegen 0.28/turn    (no ring)
MPRegen 0.09/turn

%: no passive effects
@: no status effects
A: horns 2, retaliatory headbutt
a: no special abilities


You were on level 4 of the Dungeon.
You visited 1 branch of the dungeon, and saw 4 of its levels.

You collected 273 gold pieces.
You spent 33 gold pieces at shops.

Inventory:

Hand Weapons
 a - a +0 flail (weapon)
Missiles
 g - 24 stones (quivered)
Armour
 b - a +0 pair of boots (worn)
 c - a +0 buckler (worn)
 n - a +2 chain mail of fire resistance (worn)
Jewellery
 q - a ring of willpower (left hand)
Scrolls
 f - 8 scrolls of identify {unknown}
 h - a scroll of enchant weapon {unknown}
 j - a scroll of acquirement {unknown}
 k - a scroll of fog {unknown}
 l - a scroll of summoning {unknown}
 m - 2 scrolls of teleportation {unknown}
 p - a scroll of poison {unknown}
 s - a scroll of torment {unknown}
 u - a scroll of immolation {unknown}
Potions
 d - 2 potions of might
 e - 2 potions of curing
 i - 2 potions of flight {unknown}
 o - a potion of attraction {unknown}
 r - a potion of degeneration {unknown}
 t - a potion of invisibility {unknown}


   Skills:
 + Level 5.1 Fighting
 + Level 4.3 Maces & Flails
 + Level 5.0 Armour
 + Level 5.1 Shields


You had 4 spell levels left.
You didn't know any spells.
Your spell library contained the following spells:

 Spells                   Type           Power      Damage    Failure   Level
 Sublimation of Blood     Necr           0%         N/A       99%         2
 Wereblood                Tmut           0%         N/A       99%         2
 Summon Hydra             Summ           0%         N/A       100%        7


Dungeon Overview and Level Annotations

Branches:
Dungeon (4/15)
 Temple: D:4-7

Altars:
Makhleb
Yredelemnul

Shops:
D:2 =:[!

Annotations:
D:4 Dowan


Innate Abilities, Weirdness & Mutations

You have a pair of horns on your head.
You reflexively headbutt those who attack you in melee.


Message History

Dowan gestures at you while chanting. You block the puff of flame.
You hit Duvessa but do no damage.
Duvessa is almost dead.
Duvessa hits you with a +0 short sword. Dowan casts a spell at you.
The puff of flame hits you but does no damage.
Duvessa zaps a wand.
The puff of flame hits you. You resist.
The now-empty wand crumbles to dust.
You hit Duvessa.
You kill Duvessa!
Dowan screams, "No!
Oh no!"
Dowan seems to find hidden reserves of power!
Dowan hits you but does no damage. Dowan completely misses you.
Your Fighting skill increases to level 5!
Your Maces & Flails skill increases to level 4!
Your Armour skill increases to level 5!
Your Shields skill increases to level 5!
You closely miss Dowan. Your headbutt misses Dowan.
Dowan is moderately wounded.
Dowan hits you but does no damage.
Dowan points at you and mumbles some strange words.
The stone arrow misses you.
You closely miss Dowan. Your headbutt misses Dowan.
Dowan is moderately wounded.
Dowan gestures at you while chanting. You block the stone arrow.
Dowan mumbles some strange words.
Dowan blinks!
Dowan points at you and mumbles some strange words.
The shard of ice hits you!!
* * * LOW HITPOINT WARNING * * *
You hit Dowan. You headbutt Dowan, but do no damage.
Dowan is moderately wounded.
Dowan closely misses you.
You closely miss Dowan.
Dowan is moderately wounded.
Dowan points at you and mumbles some strange words.
The stone arrow hits you!
You die...

..#.....#
..#.....###+##....
..#..........#....
..#..........#...#
..#..........#...##
..#..........#..>.#
###..........#.?..#
.............#..e.+
.............#..@.#
.............'....#
.............#.).## #
.............#...# .#
...#####.....#...# ..#
'### #.....#...# ...+
...# #.....#...# ....#
########.....#...#.....#
.......#.....#...'.....#


You could see Dowan (fast).

Vanquished Creatures
  Duvessa (D:4)
  A jelly (D:4)
  A scorpion zombie (D:3)
  A hound zombie (D:3)
  An adder (D:3)
  An adder zombie (D:3)
  2 dart slugs
  5 orcs (D:4)
  3 ball pythons
  4 bats
  8 endoplasms
  4 giant cockroaches
  5 goblins
  5 hobgoblins
  2 jackals (D:3)
  9 kobolds
  4 quokkas
  A ball python zombie (D:3)
  5 frilled lizards
  3 rats
66 creatures vanquished.

Notes
Turn   | Place    | Note
-------+----------+-------------------------------------------
     0 | D:1      | Metae the Minotaur Fighter began the quest for the Orb.
     0 | D:1      | Reached XP level 1. HP: 19/19 MP: 0/0
   107 | D:1      | Reached XP level 2. HP: 27/27 MP: 1/1
   801 | D:2      | Found Sosm's Distillery.
   816 | D:2      | Bought a potion of curing for 33 gold pieces
   871 | D:2      | Found Naop's Jewellery Shoppe.
   904 | D:2      | Reached XP level 3. HP: 33/33 MP: 2/2
   959 | D:2      | Found Weatokhye's Antique Armour Shoppe.
  1013 | D:2      | Found Waskihois's Book Emporium.
  1651 | D:3      | Reached XP level 4. HP: 41/41 MP: 3/3
  1710 | D:3      | Found a basalt altar of Yredelemnul.
  2040 | D:4      | Reached XP level 5. HP: 43/47 MP: 4/4
  2199 | D:4      | Found a burning altar of Makhleb.
  2262 | D:4      | Noticed Duvessa
  2265 | D:4      | Noticed Dowan
  2289 | D:4      | Killed Duvessa
  2290 | D:4      | Reached skill level 5 in Fighting
  2290 | D:4      | Reached skill level 5 in Armour
  2290 | D:4      | Reached skill level 5 in Shields
  2295 | D:4      | Killed from afar by Dowan

Illustrated notes

Levels and vault maps discovered:
D:1:      matt_arrival_diagonals, layout_loops_ring
D:2:      layout_loops_ring, serial_shops, nicolae_shop_waterfront, shop,
          nicolae_shop_hallway_stairs, shop, minivault_19
D:3:      layout_basic, nicolae_yredelemnul_corpse_copse, minmay_misc_feat_five,
          chequers_decorated_corner
D:4:      layout_gridville, mainiacjoe_overflow_surrounded_room,
          lemuel_coloured_pillars_altar, gup_sewer_entry_glass, uniq_sigmund,
          uniq_duvessa, uniq_menkaure, uniq_crazy_yiuf_cottage

Skill      XL: |  1  2  3  4  5 |
---------------+----------------+-----
Fighting       | 4 5 |  5.1
Shields        | 4 5 |  5.1
Armour         | 4 5 |  5.0
Maces & Flails | 3 4 |  4.3

Action                     |  1- 3 |  4- 6 || total
---------------------------+-------+-------++-------
  Melee: Flail             |   102 |    59 ||   161
         Headbutt          |    14 |    12 ||    26
  Throw: Stone             |     2 |     5 ||     7
 Armour: Scale mail        |    28 |       ||    28
         Chain mail        |    32 |    41 ||    73
  Dodge: Dodged            |    63 |    21 ||    84
  Block: Buckler           |    20 |    14 ||    34
